 Dungeon Crawl Stone Soup version 0.20.1-1-g8b1a95d (webtiles) character file.

175 Honti the Chopper (level 5, -2/45 HPs)
             Began as a Minotaur Fighter on July 19, 2017.
             Shot with an arrow by a centaur (3 damage)
             ... on level 6 of the Dungeon.
             The game lasted 00:08:03 (1109 turns).

Honti the Chopper (Minotaur Fighter)                Turns: 1109, Time: 00:08:04

Health: -2/45      AC:  7    Str: 22    XL:     5   Next: 29%
Magic:  4/4        EV:  7    Int:  5    God:
Gold:   41         SH:  9    Dex:  9    Spells: 4/4 levels left

rFire    . . .     SeeInvis .   a - +0 war axe
rCold    . . .     Gourm    .   c - +0 shield
rNeg     . . .     Faith    .   b - +0 scale mail
rPois    .         Spirit   .   (helmet restricted)
rElec    .         Reflect  .   (no cloak)
rCorr    .         Harm     .   (no gloves)
MR       .....                  (no boots)
Stlth    ..........             (no amulet)
Regen    0.2/turn               (no ring)
MPRegen  0.1/turn               (no ring)

@: no status effects
A: retaliatory headbutt, horns 2
a: no special abilities


You were on level 6 of the Dungeon.
You were not hungry.

You visited 1 branch of the dungeon, and saw 4 of its levels.

You collected 41 gold pieces.

Inventory:

Hand Weapons
 a - a +0 war axe (weapon)
Armour
 b - a +0 scale mail (worn)
 c - a +0 shield (worn)
Scrolls
 h - 2 scrolls of identify {unknown}
 j - a scroll of remove curse {unknown}
 l - 2 scrolls of immolation {unknown}
 m - 2 scrolls of teleportation {unknown}
 n - a scroll of amnesia {unknown}
Potions
 d - a potion of might
 e - a potion of resistance {unknown}
 k - 3 potions of flight {unknown}
 o - a potion of brilliance {unknown}
 p - a potion of curing {unknown}
Comestibles
 f - 4 bread rations
 g - 9 chunks of flesh
 i - 4 fruits


   Skills:
 - Level 3.6 Fighting
 + Level 6.6 Axes
 - Level 3.7 Armour
 - Level 3.6 Shields


You had 4 spell levels left.
You didn't know any spells.

Dungeon Overview and Level Annotations

Branches:
Dungeon (3/15)

Altars:
Cheibriados


Innate Abilities, Weirdness & Mutations

You reflexively headbutt those who attack you in melee.
You have a pair of horns on your head.


Message History

* * * LOW HITPOINT WARNING * * *
You slash the bullfrog zombie! You closely miss the orc. You slash the orc!
You kill the orc!
The orc hits you but does no damage.
The centaur shoots an arrow.
You block the arrow.
The bullfrog zombie hits you but does no damage.
The jelly closely misses you. You furiously retaliate!
You headbutt the jelly.
The orc wizard hits you but does no damage.
The orc hits you.
* * * LOW HITPOINT WARNING * * *
The orc hits you but does no damage.
The bullfrog zombie hits you but does no damage.
You barely miss the orc wizard. You headbutt the orc wizard.
The orc wizard is almost dead.
You slash the orc!
You kill the orc!
You slash the bullfrog zombie!
Your shield prevents you from hitting the jelly.
The centaur shoots an arrow.
The arrow hits you.
You die...

...............
................
.................
..................
..................
..................
.........Jo.......
........wZ@(......
..........†[o.....
..................
..................
............c.....
..................
..................
........>.........
.................


You could see a centaur, a worm, a jelly, an orc wizard, an orc and a bullfrog
zombie.

Vanquished Creatures
  A bullfrog (D:6)
  A gnoll (D:1)
  3 adders (D:2)
  An ooze (D:1)
  A worm (D:2)
  2 dart slugs (D:2)
  2 leopard geckos
  2 orcs (D:6)
  4 ball pythons
  A bat (D:2)
  8 giant cockroaches
  7 goblins
  8 hobgoblins
  5 jackals (D:2)
  2 frilled lizards
  3 kobolds
  6 rats
  3 fungi (D:1)
60 creatures vanquished.

Notes
Turn   | Place    | Note
-------+----------+-------------------------------------------
     0 | D:1      | Honti the Minotaur Fighter began the quest for the Orb.
     0 | D:1      | Reached XP level 1. HP: 19/19 MP: 0/0
   120 | D:1      | Reached skill level 3 in Axes
   155 | D:1      | Reached XP level 2. HP: 26/26 MP: 1/1
   376 | D:1      | Reached skill level 4 in Axes
   381 | D:1      | Reached XP level 3. HP: 31/31 MP: 2/2
   686 | D:2      | Reached skill level 5 in Axes
   694 | D:2      | Reached XP level 4. HP: 38/39 MP: 3/3
   983 | D:2      | Found a snail-covered altar of Cheibriados.
  1099 | D:3      | You fall through a shaft for 3 floors!
  1099 | D:6      | Noticed a bullfrog
  1099 | D:6      | Noticed a centaur
  1105 | D:6      | Killed a bullfrog
  1105 | D:6      | Reached skill level 6 in Axes
  1105 | D:6      | Reached XP level 5. HP: 23/45 MP: 4/4
  1108 | D:6      | HP: 2/45 [acid (5)]
  1109 | D:6      | Shot with an arrow by a centaur

Skill      XL: |  1  2  3  4 |
---------------+-------------+-----
Axes           | 3 4 5 6 |  6.6
Fighting       | |  3.6
Armour         | |  3.7
Shields        | |  3.6

Action                   |  1- 3 |  4- 6 || total
-------------------------+-------+-------++-------
Melee: War axe           |    94 |    48 ||   142
       Headbutt          |    13 |     8 ||    21
  Eat: Chunk             |       |     1 ||     1
Armor: Scale mail        |    31 |    25 ||    56
Dodge: Dodged            |    19 |    14 ||    33
Block: Shield            |    48 |    29 ||    77
